 Dungeon Crawl Stone Soup version 0.29-a0-553-g81b289dbe5 (webtiles) character file.

Game seed: 3112404311269244715

317 YeBoyLucifer the Skirmisher (level 6, -2/56 HPs)
             Began as a Hill Orc Fighter on June 6, 2022.
             Was an Initiate of Beogh.
             Slain by Duvessa
             ... wielding a +0 short sword
              (5 damage)
             ... while paralysed by Grinder
             ... on level 4 of the Dungeon.
             The game lasted 00:06:44 (2600 turns).

YeBoyLucifer the Skirmisher (Hill Orc Fighter)      Turns: 2600, Time: 00:06:45

Health: -2/56      AC:  8    Str: 21    XL:     6   Next: 45%
Magic:  6/6        EV:  2    Int:  8    God:    Beogh [......]
Gold:   102        SH:  0    Dex: 16    Spells: 5/5 levels left

rFire   . . .      SeeInvis .   a - +1 war axe
rCold   . . .      Faith    .   c - +0 buckler
rNeg    . . .      Spirit   .   b - +0 scale mail
rPois   +          Reflect  .   n - +0 helmet
rElec   .          Harm     .   (no cloak)
rCorr   +          Rampage  .   (no gloves)
Will    .....                   (no boots)
Stlth   ..........              f - amulet of magic regeneration
HPRegen 0.18/turn               h - ring "Yzekusyng" {rPois rCorr EV+4}
MPRegen 0.50/turn               r - +6 ring of dexterity

@: paralysed, mighty
A: no striking features
a: Renounce Religion


You were on level 4 of the Dungeon.
You worshipped Beogh.
Beogh was noncommittal.
You visited 1 branch of the dungeon, and saw 4 of its levels.

You collected 102 gold pieces.

Inventory:

Hand Weapons
 a - a +1 war axe (weapon)
Armour
 b - a +0 scale mail (worn)
 c - a +0 buckler (worn)
 n - a +0 helmet (worn)
Jewellery
 e - a ring of willpower
 f - an amulet of magic regeneration (around neck)
 h - the ring "Yzekusyng" (left hand) {rPois rCorr EV+4}
   (You acquired it on level 4 of the Dungeon)

   [ring of evasion]

   EV:        It affects your evasion (+4).
   rPois:     It protects you from poison.
   rCorr:     It protects you from acid and corrosion.
 r - a +6 ring of dexterity (right hand)
Scrolls
 g - 3 scrolls of immolation
 l - 4 scrolls of teleportation
 o - a scroll of torment
 p - a scroll of magic mapping
Potions
 d - a potion of might
 i - 3 potions of curing {unknown}
 k - a potion of mutation {unknown}
 m - 4 potions of heal wounds {unknown}
 q - a potion of cancellation {unknown}
 s - 2 potions of lignification {unknown}


   Skills:
 + Level 5.2 Fighting
 + Level 4.9 Axes
 + Level 4.7 Armour
 + Level 4.7 Shields


You had 5 spell levels left.
You didn't know any spells.
Your spell library contained the following spells:

 Spells                   Type           Power      Damage    Failure   Level
 Foxfire                  Conj/Fire      0%         2x1d4     83%         1
 Static Discharge         Conj/Air       0%         N/A       92%         2
 Conjure Flame            Conj/Fire      0%         6-21      99%         3
 Inner Flame              Hex/Fire       0%         N/A       99%         3
 Ozocubu's Armour         Ice            0%         N/A       99%         3
 Dispel Undead            Necr           0%         3d6       100%        4
 Flame Wave               Conj/Fire      0%         2d4       100%        4
 Sticky Flame             Conj/Fire      0%         2d3       100%        4
 Metabolic Englaciation   Hex/Ice        0%         N/A       100%        5
 Simulacrum               Ice/Necr       0%         N/A       100%        6


Dungeon Overview and Level Annotations

Branches:
Dungeon (4/15)             Temple (0/1) D:4

Altars:

Annotations:
D:4 Duvessa, Grinder


Message History

Grinder says, "Tell me all your secrets, or I'll kill you."
Grinder says, "You look like you could use a good racking."
Duvessa, Sister of Dowan comes into view.
She is wielding a +0 short sword.
Grinder hits you!
You barely miss Grinder.
Duvessa shouts!
Grinder blinks!
A kobold comes into view. It is wielding a +0 dagger.
The kobold shouts!
Grinder says, "My boss said I was rubbish.
His entrails said otherwise."
You feel very mighty all of a sudden. Grinder gestures at you.
Pain shoots through your body!
You barely miss Duvessa. Duvessa barely misses you.
You closely miss Duvessa. You hit Grinder.
Grinder says, "Wait up."
Grinder hits you.
You writhe in agony.
You block Duvessa's attack.
You barely miss Duvessa. You slash Grinder! Grinder gestures at you.
You suddenly lose the ability to move!
Duvessa hits you with a +0 short sword. x2
Grinder hits you but does no damage. Grinder hits you.
You writhe in agony.
Duvessa hits you with a +0 short sword!
* * * LOW HITPOINT WARNING * * *
A hobgoblin comes into view.
The kobold hits you but does no damage.
An adder comes into view.
Grinder hits you but does no damage.
Duvessa says, "When magic and the sword combine, nothing stands against them."
Duvessa hits you with a +0 short sword.
* * * LOW HITPOINT WARNING * * *
The adder hisses angrily.
The hobgoblin shouts!
The kobold hits you but does no damage. Grinder gestures at you.
Pain shoots through your body!
* * * LOW HITPOINT WARNING * * *
Duvessa barely misses you. The kobold hits you but does no damage.
Grinder gestures at you.
You shrug off the repeated paralysis!
Duvessa hits you with a +0 short sword.
You die...

..#...######..............
..#..## ##.......###.....
.....#####.....#..........
...#....[.....###.##......
................).........
...#...#...#####..........
..#..#..... #..........
....## ...# #.K..#.....
..#..# ..# #@e........
.##..#..# #.5........
.##.....## #..........
.#..#....# #..........
......#.... #.........
...#..#.##. #####Sg...
..##.## . #... ..##.# #
... .....## ..


You could see Grinder, Duvessa, an adder, a hobgoblin and a kobold.

Vanquished Creatures
  Sigmund (D:4)
  A hound (D:4)
  Natasha (twice) (D:2)
  An adder (D:3)
  A worm (D:2)
  3 dart slugs
  3 orcs
  5 endoplasms
  2 giant cockroaches
  6 goblins
  4 hobgoblins
  5 jackals
  A quokka (D:4)
  7 ball pythons
  A bat (D:1)
  5 frilled lizards
  6 kobolds
  2 rats
56 creatures vanquished.

Vanquished Creatures (others)
  An orc (D:3)
1 creature vanquished.

Grand Total: 57 creatures vanquished

Notes
Turn   | Place    | Note
-------+----------+-------------------------------------------
     0 | D:1      | YeBoyLucifer the Hill Orc Fighter began the quest for the
                  | Orb.
     0 | D:1      | Reached XP level 1. HP: 19/19 MP: 1/1
    43 | D:1      | Reached XP level 2. HP: 25/27 MP: 2/2
   147 | D:1      | Found a faded altar of an unknown god.
   878 | D:2      | Noticed Natasha
   882 | D:2      | Reached skill level 4 in Fighting
   887 | D:2      | Noticed a crimson imp
   890 | D:2      | Killed Natasha
   891 | D:2      | Reached XP level 3. HP: 21/33 MP: 3/3
  1094 | D:2      | Noticed Natasha
  1100 | D:2      | Reached XP level 4. HP: 40/40 MP: 4/4
  1109 | D:2      | Killed Natasha
  1780 | D:3      | Became a worshipper of Beogh the Brigand
  2043 | D:3      | Reached XP level 5. HP: 41/47 MP: 5/5
  2174 | D:4      | Found a staircase to the Ecumenical Temple.
  2191 | D:4      | Identified a scroll of acquirement
  2196 | D:4      | Acquired the ring "Yzekusyng" {rPois rCorr EV+4}
  2264 | D:4      | Noticed Sigmund
  2290 | D:4      | Killed Sigmund
  2291 | D:4      | Reached skill level 5 in Fighting
  2291 | D:4      | Reached XP level 6. HP: 12/56 MP: 6/6
  2575 | D:4      | Noticed Grinder
  2588 | D:4      | Noticed Duvessa
  2596 | D:4      | Paralysed by Grinder for 5 turns
  2599 | D:4      | HP: 2/56 [Grinder/nerve-wracking pain (9)]
  2600 | D:4      | Slain by Duvessa

Illustrated notes

Levels and vault maps discovered:
D:1:      minmay_arrival_doors, layout_basic, chequers_ecumenical_altar_grove,
          dreamdust_princess_bridge, chequers_serial_rivers_large_b
D:2:      layout_basic, uniq_natasha
D:3:      layout_rooms
D:4:      layout_rooms, minmay_temple_entry_tees, minivault_24, uniq_sigmund,
          uniq_duvessa, uniq_grinder, uniq_crazy_yiuf_cottage

Skill      XL: |  1  2  3  4  5 |
---------------+----------------+-----
Axes           | 3 4 |  4.9
Fighting       | 4 5 |  5.2
Armour         | 4 |  4.7
Shields        | 4 |  4.7

Action                   |  1- 3 |  4- 6 || total
-------------------------+-------+-------++-------
Melee: War axe           |    67 |   102 ||   169
Invok: Convert to Beogh  |       |     1 ||     1
  Use: Scroll            |       |     8 ||     8
       Potion            |       |     1 ||     1
Armor: Scale mail        |    41 |    41 ||    82
Dodge: Dodged            |    44 |    50 ||    94
Block: Buckler           |    11 |    25 ||    36

Table legend: (Time is in decaauts)
 A = Elapsed time spent in this place.
 B = Non-inter-level travel time spent in this place.
 C = Inter-level travel time spent in this place.
 D = Time resting spent in this place.
 E = Time spent auto-exploring this place.
 F = Levels seen in this place.
 G = Mean time per level.
                   A        B        C        D        E       F      G
               +--------+--------+--------+--------+--------+-----+--------+
         Total |   2705 |   2410 |    295 |      0 |   1924 |   4 |  676.2 |
       Dungeon |   2705 |   2410 |    295 |      0 |   1924 |   4 |  676.2 |
               +--------+--------+--------+--------+--------+-----+--------+

Top non-repeatable levels by time:
     D:1: 895 daAuts
     D:2: 723 daAuts
     D:3: 647 daAuts
     D:4: 438 daAuts
